 Dungeon Crawl Stone Soup version 0.19-a0-1608-g4cf22de (webtiles) character file.

35 Amnesiac the Cudgeler (level 3, -14/27 HPs)
             Began as a Mummy Gladiator on Sept 17, 2016.
             Killed from afar by an orc wizard (18 damage)
             ... with a puff of flame
             ... on level 4 of the Dungeon.
             The game lasted 00:00:57 (284 turns).

Amnesiac the Cudgeler (Mummy Gladiator)              Turns: 284, Time: 00:00:58

Health: -14/27     AC:  9    Str: 18    XL:     3   Next: 16%
Magic:  3/3        EV:  8    Int:  7    God:
Gold:   33         SH:  0    Dex: 13    Spells: 0 memorised, 2 levels left

rFire  x . .     SeeInvis .     a - +0 flail
rCold  + . .     Gourm    .     f - +0 chain mail
rNeg   + + +     Faith    .     (no shield)
rPois  ∞         Spirit   .     c - +0 helmet
rElec  .         Dismiss  .     (no cloak)
rCorr  .         Reflect  .     (no gloves)
MR     .....     Harm     .     (no boots)
Stlth  ..........               (no amulet)
                                (no ring)
                                (no ring)

@: no status effects
A: no food or potions, fire vulnerability, cold resistance 1, negative energy
resistance 3, torment resistance, unbreathing
a: no special abilities


You were on level 4 of the Dungeon.
You were not hungry.

You visited 1 branch of the dungeon, and saw 4 of its levels.

You collected 33 gold pieces.

Inventory:

Hand Weapons
 a - a +0 flail (weapon)
Missiles
 d - 3 throwing nets (quivered)
Armour
 c - a +0 helmet (worn)
 f - a +0 chain mail (worn)
Jewellery
 b - a +2 ring of dexterity {unknown}
Scrolls
 e - 2 scrolls of magic mapping {unknown}


   Skills:
 - Level 2.0 Fighting
 + Level 3.4 Maces & Flails
 - Level 1.7 Throwing
 - Level 2.4 Dodging


You had 2 spell levels left.
You didn't know any spells.

Dungeon Overview and Level Annotations

Branches:
Dungeon (4/15)
 Temple: D:4-7

Altars:


Innate Abilities, Weirdness & Mutations

You do not eat or drink.
Your flesh is vulnerable to fire.
You are immune to poison.
Your flesh is cold resistant. (rC+)
You are immune to negative energy. (rN+++)
You are immune to unholy pain and torment.
You can survive without breathing.


Message History

You barely miss something. The orc wizard barely misses you.
You hear some strange, mumbled words.
Something tries to affect you, but you resist.
You miss something. The orc wizard casts a spell at you.
The magic dart hits you!
* * * LOW HITPOINT WARNING * * *
Something hits you.
* * * LOW HITPOINT WARNING * * *
You miss something.
The orc wizard hits you but does no damage.
Something hits you but does no damage. The orc wizard barely misses you.
You barely miss something. Something hits you but does no damage.
The orc wizard completely misses you. Something hits you but does no damage.
You miss something.
You hear the slow hiss of a very distant avalanche of sand.
The orc wizard gestures at you while chanting.
The puff of flame hits you! The fire burns you terribly!
Ouch! That really hurt!
You die...

###### ......
########### #
..........###.## ###
###.####...##..{## #..
#.###...<.## #@###.###.#
#.##.......####o#..o...#
#..............).#
#.##..<....####.##
###.###.....## #.# ....#
##...## #.#
###.#####.#######.#
###...............#
..........#########


You could see an orc wizard.

Vanquished Creatures
  An orc priest (D:4)
  A leopard gecko (D:2)
  A goblin (D:2)
  A hobgoblin (D:2)
4 creatures vanquished.

Notes
Turn   | Place    | Note
-------+----------+-------------------------------------------
     0 | D:1      | Amnesiac the Mummy Gladiator began the quest for the Orb.
     0 | D:1      | Reached XP level 1. HP: 16/16 MP: 1/1
   251 | D:4      | Noticed an orc priest
   263 | D:4      | Killed an orc priest
   263 | D:4      | Reached skill level 3 in Maces & Flails
   263 | D:4      | Reached XP level 2. HP: 18/22 MP: 2/2
   263 | D:4      | Reached XP level 3. HP: 22/27 MP: 3/3
   284 | D:4      | Killed from afar by an orc wizard

Vault maps used:
D:1:      elethiomel_arrival_infinity_welcomes_careful_drivers,
          hangedman_decor_slide_cut
D:2:      overflow_temple_1_default, lemuel_blue_sif_altar, bloody_trog,
          uniq_jessica, uniq_natasha
D:3:      uniq_grinder
D:4:      chequers_ossuary_entry_cave

Skill      XL: |  1 |
---------------+----+-----
Maces & Flails | 3 |  3.4
Fighting       | |  2.0
Throwing       | |  1.7
Dodging        | |  2.4

Action                   || total
-------------------------++-------
Melee: Flail             ||    31
 Stab: Distracted        ||     1
Armor: Chain mail        ||    15
       Leather armour    ||     4
Dodge: Dodged            ||    13
